 Dungeon Crawl Stone Soup version 0.18.1-8-gdd0e5ea (webtiles) character file.

16956 nikopol the Fighter (level 12, -1/112 HPs)
             Began as a Minotaur Berserker on June 9, 2016.
             Was a High Priest of Trog.
             Slain by rockintein's ghost (8 damage)
             ... in an ice cave on June 10, 2016.
             The game lasted 00:44:33 (14755 turns).

nikopol the Fighter (Minotaur Berserker)           Turns: 14755, Time: 00:44:34

Health: -1/112     AC: 18    Str: 24    XL:     12   Next: 14%
Magic:  0/3        EV: 20    Int:  4    God:    Trog [*****.]
Gold:   938        SH:  0    Dex: 18    Spells: 0 memorised, 11 levels left

rFire  . . .     SeeInvis .     x - +6 spear (antimagic)
rCold  . . .     Gourm    .     A - +0 chain mail
rNeg   . . .     Faith    .     (no shield)
rPois  .         Spirit   +     (helmet restricted)
rElec  .         Dismiss  .     m - +1 cloak
rCorr  .         Reflect  .     C - +1 pair of gloves
SustAt .         Harm     .     (no boots)
MR     +....                    l - amulet of guardian spirit
Stlth  ..........               R - +1 ring of protection
                                Q - ring of protection from magic

@: agile, exhausted, very slightly contaminated, hasted, very quick, somewhat
resistant to hostile enchantments, extremely unstealthy
A: retaliatory headbutt, horns 2
a: Berserk, Trog's Hand, Brothers in Arms, Burn Spellbooks, Renounce Religion


You were in an ice cave.
You worshipped Trog.
Trog was extremely pleased with you.
You were not hungry.

You visited 2 branches of the dungeon, and saw 13 of its levels.
You also visited: Ice Cave.

You collected 938 gold pieces.

Inventory:

Hand Weapons
 c - a +1 shortbow of velocity
 h - a +5 trident
 x - a +6 antimagic spear (weapon)
 J - a +2 vampiric glaive
 V - a +4 antimagic halberd
Missiles
 k - 192 arrows (quivered)
Armour
 a - a +1 cloak
 m - a +1 cloak (worn)
 A - a +0 chain mail (worn)
 C - a +1 pair of gloves (worn)
Jewellery
 l - an amulet of guardian spirit (around neck)
 t - an uncursed amulet of dismissal
 Q - a ring of protection from magic (left hand)
 R - a +1 ring of protection (right hand)
Wands
 D - a wand of flame (10/48)
 F - a wand of lightning (11/15)
 N - a wand of random effects (23/48)
Scrolls
 g - 4 scrolls of remove curse
 r - a scroll of amnesia
 v - 4 scrolls of teleportation
 w - a scroll of enchant armour
 H - 2 scrolls of identify
 P - a scroll of silence {unknown}
 T - a scroll of noise {unknown}
 W - 2 scrolls of fear
Potions
 b - a potion of brilliance
 d - 2 potions of cancellation
 n - a potion of might {unknown}
 o - a potion of lignification
 p - 4 potions of degeneration
 q - 4 potions of curing
 s - 2 potions of mutation
 u - 2 potions of agility
 z - a potion of flight
 M - 3 potions of haste
 U - a potion of magic {unknown}
 X - a potion of heal wounds {unknown}
Books
 S - a book of Death

   Spells                             Type                      Level
   a - Corpse Rot                     Necromancy                   2
   b - Sublimation of Blood           Necromancy                   2
   c - Agony                          Necromancy                   5
   d - Dispel Undead                  Necromancy                   5
   e - Excruciating Wounds            Charms/Necromancy            5
   f - Bolt of Draining               Conjuration/Necromancy       5
   Trog disapproves of the use of such an item.
Comestibles
 f - a chunk of flesh
 i - 4 meat rations
 j - a slice of pizza
 B - 7 fruits
 E - 9 royal jellies
 G - 8 bread rations
 I - 6 beef jerkies


   Skills:
 + Level 11.8 Fighting
 + Level 11.6 Polearms
 + Level 8.3 Bows
 + Level 11.0 Armour
 + Level 10.3 Dodging


You had 11 spell levels left.
You didn't know any spells.

Dungeon Overview and Level Annotations

Branches:
Dungeon (10/15)            Temple (0/1) D:7            Lair (3/8) D:10
    Orc (0/2) D:9
  Swamp: Lair:3-6    Shoals: Lair:3-6     Snake: Lair:3-6    Spider: Lair:3-6

Altars:
Nemelex Xobeh
Okawaru
Pakellas
Ru
Sif Muna
Trog
Vehumet
Yredelemnul

Shops:
D:6 !}

Annotations:
IceCv rockintein's ghost, journeyman MiBe


Innate Abilities, Weirdness & Mutations

You reflexively headbutt those who attack you in melee.
You have a pair of horns on your head.


Message History

You hit rockintein's ghost. You headbutt rockintein's ghost.
Rockintein's ghost is moderately damaged.
You hit rockintein's ghost but do no damage.
Your headbutt misses rockintein's ghost.
Rockintein's ghost is moderately damaged.
Rockintein's ghost hits you but does no damage.
You hit rockintein's ghost. You headbutt rockintein's ghost.
Rockintein's ghost is moderately damaged.
You hit rockintein's ghost but do no damage.
Rockintein's ghost is moderately damaged.
Rockintein's ghost completely misses you.
You closely miss rockintein's ghost.
Rockintein's ghost is moderately damaged.
You barely miss rockintein's ghost.
Rockintein's ghost is moderately damaged.
You hit rockintein's ghost but do no damage.
Rockintein's ghost is moderately damaged.
Rockintein's ghost hits you!!
* * * LOW HITPOINT WARNING * * *
You die...

###########
#.........#
#....∩....#
#......@..#
#......W..#
#....∩....#
##.......##
##.....##
###.### ...
....


Y.Y You could see rockintein's ghost.

Vanquished Creatures
  2 hydras (Lair:2)
  The ghost of Aquadorian the Nimble, a journeyman DsBe of Trog (Lair:1)
  The ghost of greenice the Fencer, a novice MiFi of Okawaru (D:8)
  An oklob plant (D:10)
  A centaur zombie (D:10)
  Psyche (D:10)
  3 kobold demonologists (D:8)
  2 spiny frogs
  2 komodo dragons (Lair:1)
  The ghost of roberto the Slasher, an amateur DsAK of Lugonu (D:5)
  8 blink frogs (Lair:2)
  3 wyverns
  Grum (Lair:1)
  2 hippogriffs
  4 water moccasins
  A soldier ant (D:9)
  3 porcupines
  A wasp (D:9)
  4 orc warriors
  3 sky beasts
  A phantom (D:9)
  A black bear (D:8)
  8 ice beasts
  13 ogres
  4 wolves (Lair:1)
  4 centaurs
  3 crocodiles
  3 big kobolds
  Blork the orc (D:6)
  10 giant frogs
  A gnoll sergeant (D:7)
  A wyvern zombie (D:6)
  3 scorpions
  10 killer bees (D:8)
  7 howler monkeys
  2 jellies
  7 crimson imps
  6 hounds
  A quasit (D:7)
  8 orc priests
  10 orc wizards
  A giant frog skeleton (D:6)
  Crazy Yiuf (D:3)
  Jessica (D:3)
  5 iguanas
  4 hell rats (Lair:2)
  12 worker ants
  16 sheep (Lair:2)
  A killer bee zombie (D:10)
  A hound zombie (D:6)
  17 gnolls
  12 adders
  10 river rats (Lair:2)
  2 shadow imps
  3 oozes
  2 adder skeletons
  A worm (D:9)
  A dart slug (D:1)
  8 giant geckos
  44 orcs
  2 giant cockroaches
  29 goblins
  29 hobgoblins
  8 jackals
  3 quokkas
  7 bats
  A giant gecko zombie (D:7)
  3 giant newts
  23 kobolds
  A quokka zombie (D:7)
  3 rats (D:3)
  A bush (D:3)
  A plant (D:10)
402 creatures vanquished.

Vanquished Creatures (others)
  A lightning spire (D:6)
  A hobgoblin (D:5)
  3 bushes (D:6)
  2 fungi (Lair:2)
7 creatures vanquished.

Grand Total: 409 creatures vanquished

Notes
Turn   | Place    | Note
--------------------------------------------------------------
     0 | D:1      | nikopol the Minotaur Berserker began the quest for the Orb.
     0 | D:1      | Reached XP level 1. HP: 19/19 MP: 0/0
   150 | D:1      | Reached XP level 2. HP: 27/27 MP: 1/1
   602 | D:1      | Reached ** piety under Trog
   970 | D:2      | Reached XP level 3. HP: 33/33 MP: 2/2
  1383 | D:3      | Noticed Jessica
  1518 | D:3      | Reached XP level 4. HP: 27/41 MP: 3/3
  1573 | D:3      | Killed Jessica
  1652 | D:3      | Reached XP level 5. HP: 45/47 MP: 4/4
  2081 | D:3      | Noticed Crazy Yiuf
  2086 | D:3      | Killed Crazy Yiuf
  2086 | D:3      | Reached skill level 5 in Fighting
  2542 | D:4      | Reached skill level 5 in Polearms
  2549 | D:4      | Reached *** piety under Trog
  2549 | D:4      | Reached XP level 6. HP: 38/56 MP: 3/5
  2822 | D:4      | Reached skill level 5 in Armour
  3353 | D:5      | Entered Level 5 of the Dungeon
  3390 | D:5      | Reached XP level 7. HP: 60/62 MP: 6/6
  3581 | D:5      | Reached skill level 5 in Dodging
  3607 | D:5      | Reached **** piety under Trog
  3769 | D:5      | Received a gift from Trog
  3769 | D:5      | Reached XP level 8. HP: 67/71 MP: 3/7
  4049 | D:5      | Noticed roberto's ghost (amateur DsAK)
  4060 | D:5      | Killed roberto's ghost
  4194 | D:5      | Reached skill level 1 in Bows
  4347 | D:5      | Reached ***** piety under Trog
  4463 | D:5      | Received a gift from Trog
  5476 | D:6      | Reached XP level 9. HP: 46/81 MP: 3/8
  5745 | D:6      | Found an oddly glowing altar of Pakellas.
  5746 | D:6      | Noticed a fire dragon
  5911 | D:6      | Found Xiwuot's Book Boutique.
  5959 | D:6      | Found Xuuneow's Distillery.
  5978 | D:6      | Noticed Blork the orc
  5985 | D:6      | Killed Blork the orc
  6104 | D:6      | Found Poruatha's Gadget Emporium.
  6347 | D:6      | Found an iron altar of Okawaru.
  6348 | D:6      | Found an oddly glowing altar of Pakellas.
  6348 | D:6      | Found a radiant altar of Vehumet.
  6348 | D:6      | Found a sparkling altar of Nemelex Xobeh.
  6356 | D:6      | Found a bloodstained altar of Trog.
  6360 | D:6      | Found a basalt altar of Yredelemnul.
  6812 | D:7      | Found a staircase to the Ecumenical Temple.
  7130 | D:7      | Found a deep blue altar of Sif Muna.
  7637 | D:8      | Noticed greenice's ghost (novice MiFi)
  7649 | D:8      | Killed greenice's ghost
  7649 | D:8      | Reached XP level 10. HP: 91/91 MP: 9/9
  7854 | D:8      | Noticed a smoke demon
  7861 | D:8      | Noticed a sixfirhy
  8247 | D:8      | Noticed a rust devil
  8289 | D:8      | Reached skill level 5 in Bows
  8328 | D:8      | Noticed a sixfirhy
  8350 | D:8      | Noticed an orange demon
  8960 | D:8      | Noticed a rust devil
  9397 | D:8      | Found a sacrificial altar of Ru.
  9569 | D:9      | Reached skill level 10 in Fighting
  9691 | D:9      | Received a gift from Trog
  9691 | D:9      | Reached skill level 10 in Polearms
 10273 | D:9      | Found a staircase to the Orcish Mines.
 10442 | D:9      | Reached XP level 11. HP: 98/100 MP: 3/10
 10533 | D:10     | Entered Level 10 of the Dungeon
 10536 | D:10     | Noticed Psyche
 10549 | D:10     | Killed Psyche
 10969 | D:10     | Noticed an oklob plant
 11313 | D:10     | Killed an oklob plant
 11548 | D:10     | Found a staircase to the Lair.
 11735 | D:10     | Reached skill level 10 in Armour
 11949 | Lair:1   | Entered Level 1 of the Lair of Beasts
 11949 | Lair:1   | Noticed Aquadorian's ghost (journeyman DsBe)
 11965 | Lair:1   | Killed Aquadorian's ghost
 12325 | Lair:1   | Noticed Grum
 12358 | Lair:1   | Killed Grum
 12991 | Lair:2   | Received a gift from Trog
 13038 | Lair:2   | Noticed a four-headed hydra
 13048 | Lair:2   | Killed a four-headed hydra
 13550 | Lair:2   | Reached skill level 10 in Dodging
 13719 | Lair:2   | Noticed a six-headed hydra
 13729 | Lair:2   | Killed a six-headed hydra
 13851 | Lair:2   | Reached XP level 12. HP: 110/110 MP: 3/11
 14666 | Lair:3   | Found a frozen archway.
 14674 | IceCv    | Entered an ice cave
 14732 | IceCv    | Noticed rockintein's ghost (journeyman MiBe)
 14755 | IceCv    | Slain by rockintein's ghost

Skill      XL: |  1  2  3  4  5  6  7  8  9 10 11 12 |
---------------+-------------------------------------+-----
Fighting       | 4 5 6 7 9 10 11 | 11.8
Armour         | 3 4 5 7 8 9 10 11 | 11.0
Polearms       | 4 5 6 7 9 10 11 | 11.6
Dodging        | 3 4 5 6 7 8 10 | 10.3
Bows           | 2 4 6 8 |  8.3

Action                   |  1- 3 |  4- 6 |  7- 9 | 10-12 || total
-------------------------+-------+-------+-------+-------++-------
Melee: Spear             |   114 |   227 |   256 |   423 ||  1020
       Headbutt          |    14 |    42 |    72 |   103 ||   231
       Trident           |       |       |   116 |   175 ||   291
 Fire: Shortbow          |       |       |   127 |   318 ||   445
Invok: Berserk           |       |     2 |     7 |     2 ||    11
       Burn Spellbooks   |       |       |       |     1 ||     1
  Use: Scroll            |       |       |     9 |    12 ||    21
       Potion            |       |       |       |     2 ||     2
  Eat: Chunk             |     2 |     8 |    14 |    24 ||    48
       Bread ration      |       |       |     1 |       ||     1
       Beef jerky        |       |       |     1 |       ||     1
       Pizza             |       |       |       |     1 ||     1
Armor: Animal skin       |     6 |       |       |       ||     6
       Ring mail         |     6 |    32 |       |       ||    38
       Chain mail        |       |     9 |   181 |   189 ||   379
Dodge: Dodged            |    41 |    73 |   198 |   233 ||   545
